Map: Abyssal Reef LE

Players

llllllllllll - Winner!

  • Race: Terran Terran
  • League: Master
  • Spawn Location: 11:00

Gswede

  • Race: Terran Terran
  • League: Silver
  • Spawn Location: 5:00

VOD

Have the link to the VOD?

Description

Time

  • Played on: March 21, 2017, 10:24 p.m.
  • Length: 6:49
Show
View Real Time Build Order
Export as new Build Order

llllllllllll Terran - Winner!

Build Orders: Command Center First (CC), MMM Bio 

Get SALT Encoding   

  12  0:01  SCV  
  13  0:13  SCV  
  14  0:17  Supply Depot  
  14  0:25  SCV  
  15  0:39  SCV  
  16  0:51  SCV  
  17  1:02  Command Center  
  17  1:04  SCV  
  18  1:15  Barracks  
  18  1:19  SCV  
  19  1:31  SCV  
  20  1:33  Barracks  
  20  1:43  SCV  
  20  1:47  Barracks  
  21  1:55  SCV  
  21  1:57  Refinery  
  21  1:59  Refinery  
  22  2:03  Marine  
  23  2:13  Orbital Command  
  23  2:21  Marine  
  24  2:23  Marine  
  25  2:31  Orbital Command  
  25  2:34  Marine  
  26  2:39  SCV  
  26  2:42  Barracks Reactor  
  26  2:43  Barracks Tech Lab  
  28  2:51  SCV  
  28  2:55  Supply Depot  
  28  2:58  SCV  
  29  3:03  SCV, Stimpack  
  30  3:09  Engineering Bay  
  30  3:11  SCV  
  31  3:15  SCV, Barracks Tech Lab  
  32  3:20  Marine  
  32  3:22  Marine  
  32  3:23  SCV  
  35  3:27  SCV  
  36  3:35  SCV  
  36  3:36  Factory  
  36  3:39  SCV, Terran Infantry Weapons Level 1  
  38  3:42  Supply Depot  
  38  3:47  SCV  
  39  3:51  Marine x2, SCV  
  39  3:53  Marine  
  43  3:55  Marine  
  43  3:59  SCV  
  43  4:01  Combat Shields  
  43  4:02  Refinery  
  45  4:04  SCV  
  45  4:09  Marine x2  
  48  4:11  Marine, SCV  
  48  4:16  SCV  
  51  4:19  Supply Depot  
  51  4:23  Starport  
  51  4:24  SCV  
  52  4:25  Factory Reactor  
  52  4:29  SCV, Supply Depot  
  53  4:36  SCV  
  54  4:40  Marine x3  
  54  4:41  Marine, SCV  
  59  4:47  Supply Depot  
  59  4:48  SCV  
  60  4:53  SCV  
  60  4:58  Marine x2  
  60  4:59  Marauder x2  
  67  5:02  Supply Depot  
  67  5:06  Medivac  
  69  5:10  Medivac  
  69  5:11  Factory Tech Lab  
  71  5:14  SCV  
  71  5:15  SCV  
  71  5:20  Marine x2  
  71  5:21  Marine x2  
  76  5:27  SCV x2  
  76  5:28  Supply Depot  
  79  5:39  SCV x2  
  81  5:43  Marine x3, Marauder  
  86  5:51  Supply Depot  
  86  6:08  Marauder  
  86  6:10  SCV x2  
  88  6:13  Marine  
  88  6:14  Marauder  
  88  6:16  Medivac, Command Center  
  93  6:22  SCV x2  
  93  6:23  Marine  
  99  6:34  SCV x2  
  99  6:36  Armory  
  99  6:38  Engineering Bay  
Show
View Real Time Build Order
Export as new Build Order

Gswede Terran 

Build Orders:  

Get SALT Encoding   

  12  0:01  SCV  
  13  0:13  SCV  
  14  0:23  Supply Depot  
  14  0:25  SCV  
  15  0:44  SCV  
  16  0:50  Barracks  
  16  0:56  SCV  
  17  1:09  SCV  
  18  1:13  Barracks  
  18  1:21  SCV  
  19  1:37  Command Center  
  19  1:40  SCV  
  20  1:48  Marine  
  20  1:52  Supply Depot  
  21  2:03  Marine  
  21  2:06  Marine  
  23  2:17  Command Center  
  23  2:27  Marine  
  23  2:29  Marine  
  25  2:43  Refinery  
  25  2:45  Marine  
  25  2:47  Marine  
  25  2:50  Orbital Command  
  26  3:06  SCV  
  27  3:15  Engineering Bay  
  27  3:17  Marine  
  27  3:18  SCV, Marine  
  30  3:30  SCV, Refinery  
  30  3:33  Orbital Command  
  31  3:35  Marine  
  31  3:37  SCV  
  31  3:41  Marine  
  34  3:42  SCV  
  35  3:51  Missile Turret  
  35  3:53  Marine  
  36  3:56  Missile Turret  
  36  3:58  Marine  
  37  4:04  SCV  
  37  4:06  SCV  
  39  4:12  Missile Turret  
  39  4:13  Factory  
  39  4:15  Marine  
  39  4:16  SCV  
  41  4:17  SCV  
  41  4:19  SCV  
  43  4:29  SCV  
  43  4:31  Orbital Command  
  44  4:33  Missile Turret  
  44  4:40  SCV  
  44  4:42  Marine  
  47  4:52  SCV  
  47  4:54  Barracks Tech Lab  
  47  4:58  Armory  
  47  5:00  Marine  
  47  5:02  Hellion  
  50  5:09  Supply Depot  
  50  5:10  SCV  
  51  5:17  Missile Turret  
  51  5:20  SCV  
  52  5:23  SCV  
  53  5:33  Orbital Command  
  53  5:35  SCV  
  54  5:47  SCV  
  54  5:49  Thor  
  61  5:53  Barracks Tech Lab  
  37  6:27  Marine  
Tags
 
Add a new tag
Caveats
  • Supply blocks, unpowered buildings, or Contaminate may cause inaccurate times.
  • Supply counts are checked every 10 seconds.